 Dungeon Crawl Stone Soup version 0.17.0-9-g801d43b (console) character file.

978 Kloppie the Bolt Thrower (level 7, -4/59 HPs)
             Began as a Centaur Hunter on Nov 10, 2015.
             Shot with an arrow by a centaur (6 damage)
             ... on level 6 of the Dungeon.
             The game lasted 00:15:37 (6117 turns).

Kloppie the Bolt Thrower (Centaur Hunter)           Turns: 6117, Time: 00:15:37

Health: -4/59      AC:  7    Str: 16    XL:     7   Next: 95%
Magic:  7/7        EV: 13    Int: 10    God:
Gold:   241        SH:  0    Dex: 10    Spells: 0 memorised, 6 levels left

rFire  . . .     SeeInvis .     u - +0 blowgun
rCold  . . .     Clarity  .     p - +0 scale mail
rNeg   . . .     SustAt   .     (no shield)
rPois  .         Gourm    .     (no helmet)
rElec  .         Spirit   .     (no cloak)
rCorr  .         Warding  .     (no gloves)
rMut   .         Stasis   .     (no barding)
MR     .....                    (no amulet)
Stlth  ..........               (no ring)
                                y - +6 ring of evasion

@: very quick, not resistant to hostile enchantments, extremely unstealthy
A: hooves 3, deformed body, speed 2, tough skin 3
a: no special abilities


You were on level 6 of the Dungeon.
You were not hungry.

You visited 1 branch of the dungeon, and saw 6 of its levels.

You collected 241 gold pieces.

Inventory:

Hand Weapons
 a - a +1 hand crossbow
 b - a +1 mace
 c - a +0 short sword
 u - a +0 blowgun (weapon)
Missiles
 g - 47 bolts
 x - 36 poisoned needles (quivered)
 z - 11 bolts of frost
 E - 11 silver bolts
Armour
 p - a +0 scale mail (worn)
Jewellery
 y - a +6 ring of evasion (left hand)
Wands
 D - a wand of magic darts (30)
 K - a wand of random effects (12)
Scrolls
 f - a scroll of enchant weapon
 m - 6 scrolls of teleportation
 s - 3 scrolls of identify
 v - 3 scrolls of remove curse {unknown}
 G - a scroll of noise {unknown}
Potions
 d - a potion of magic
 i - a potion of ambrosia
 j - a potion of flight
 k - a potion of curing {unknown}
 q - 2 potions of cancellation {unknown}
 r - a potion of degeneration {unknown}
 t - 2 potions of agility {unknown}
 w - a potion of heal wounds {unknown}
 A - 2 potions of might {unknown}
 B - a potion of invisibility {unknown}
 C - a potion of haste {unknown}
 H - a potion of berserk rage {unknown}
 I - a potion of brilliance {unknown}
 J - a potion of lignification {unknown}
Comestibles
 e - 2 bread rations
 h - a beef jerky
 l - a meat ration
 n - a slice of pizza
 o - 2 fruits
 F - 6 chunks of flesh


   Skills:
 - Level 4.1 Fighting
 + Level 4.4 Maces & Flails
 + Level 4.9 Crossbows
 + Level 4.6 Armour
 - Level 1.3 Dodging
 - Level 0.5 Stealth


You had 6 spell levels left.
You didn't know any spells.

Dungeon Overview and Level Annotations

Branches:
Dungeon (6/15)
 Temple: D:4-7

Altars:
Kikubaaqudgha
Qazlal

Annotations:
D:2 Sigmund


Innate Abilities, Weirdness & Mutations

You have hooves in place of feet.
Armour fits poorly on your strangely shaped body.
You cover ground very quickly.
You have extremely tough skin (AC +3).


Message History

a dagger; a robe Firing (i - inventory):
x - 37 poisoned needles (quivered)
Press: ? - help, Shift-Dir - straight line, f - gnoll
Aim: a gnoll, wielding a flail
Okay, then.
Evoke which item? (* to show all) (? for menu, Esc to quit)
Okay, then.
Firing (i - inventory):
x - 37 poisoned needles (quivered)
Press: ? - help, Shift-Dir - straight line, f - gnoll
Aim: a gnoll, wielding a flail You shoot a poisoned needle.
The poisoned needle hits the gnoll!
The gnoll is poisoned.
The centaur shoots an arrow.
The arrow hits you!
* * * LOW HITPOINT WARNING * * *
The centaur shoots an arrow.
The arrow hits you!
* * * LOW HITPOINT WARNING * * *
The centaur shoots an arrow.
The arrow hits you!
* * * LOW HITPOINT WARNING * * *
You see here an arrow.
The centaur shoots an arrow.
The arrow hits you.
You die...

##### ♣P♣...#.###....#######
#.... ♣PPPP.#...#..........#
#$.. #♣PP♣...##.#..........#
#%%. #PPPPP..##.#####......#
#''######♣.....#......).....#
#..'†...c...............##'##
#..#).>.g(.).(.......)..##.#
#$.#....)(o....(.#########.#
#.c######...Kg.@.# ##### #.#
#.g# #♣PP..##)# #...# #.#
#..# ♣P♣..##)# #...###.# #..#
♣♣PP.##)###...#...# #..#
..#♣P♣...#...'...#.### #..#
.o#PPPP..#####...#.# #..'
K.#.....## #...#'###... #..'
..#.....## #............
♣PP...#####.........###


You could see an orc warrior, a centaur, 2 gnolls and a kobold.

Vanquished Creatures
  2 ogres (D:5)
  A phantom (D:4)
  A big kobold (D:6)
  A giant frog (D:5)
  A scorpion (D:5)
  A crimson imp (D:5)
  An orc wizard (D:6)
  3 hounds
  2 orc priests
  Natasha (D:3)
  A gnoll shaman (D:6)
  2 iguanas (D:5)
  3 worker ants
  A hound zombie (D:5)
  A gnoll (D:6)
  5 adders
  A shadow imp (D:5)
  3 worms
  5 giant geckos
  7 orcs
  A ball python (D:1)
  2 bats (D:3)
  10 hobgoblins
  11 jackals
  12 kobolds
  3 quokkas
  5 giant cockroaches
  2 giant newts
  9 goblins
  A jackal skeleton (D:3)
  A quokka skeleton (D:4)
  4 rats
104 creatures vanquished.

Vanquished Creatures (others)
  A human (D:5)
1 creature vanquished.

Grand Total: 105 creatures vanquished

Notes
Turn   | Place    | Note
--------------------------------------------------------------
     0 | D:1      | Kloppie the Centaur Hunter began the quest for the Orb.
     0 | D:1      | Reached XP level 1. HP: 17/17 MP: 1/1
   232 | D:1      | Reached XP level 2. HP: 13/25 MP: 2/2
   713 | D:2      | Found a stormy altar of Qazlal.
   788 | D:2      | Noticed Sigmund
   988 | D:3      | Reached XP level 3. HP: 21/31 MP: 3/3
  1015 | D:3      | Reached skill level 1 in Armour
  1022 | D:3      | HP: 1/31 [poisoned by a kobold]
  1926 | D:3      | Reached XP level 4. HP: 25/40 MP: 4/4
  2100 | D:3      | Noticed Natasha
  2115 | D:3      | Killed Natasha
  2785 | D:3      | Reached XP level 5. HP: 43/46 MP: 5/5
  3618 | D:4      | Reached skill level 1 in Maces & Flails
  3660 | D:4      | Noticed a phantom
  3812 | D:4      | Killed a phantom
  3812 | D:4      | Reached XP level 6. HP: 30/52 MP: 6/6
  4338 | D:5      | Entered Level 5 of the Dungeon
  4886 | D:5      | Found an ancient bone altar of Kikubaaqudgha.
  4889 | D:5      | Noticed a human
  4891 | D:5      | Killed a human
  5084 | D:5      | Reached XP level 7. HP: 26/59 MP: 7/7
  6116 | D:6      | HP: 2/59 [centaur/arrow (12)]
  6117 | D:6      | Shot with an arrow by a centaur

Action                   |  1- 3 |  4- 6 |  7- 9 || total
-------------------------+-------+-------+-------++-------
Melee: Short sword       |    31 |       |       ||    31
       Mace              |    93 |   231 |    99 ||   423
 Fire: Hand crossbow     |     1 |    39 |     3 ||    43
       Blowgun           |       |     4 |    22 ||    26
  Use: Scroll            |       |     8 |       ||     8
  Eat: Chunk             |     2 |     8 |     4 ||    14
